[Event "XX Gran Hotel Bali-B 2023"]
[Site "Benidorm"]
[Date "2023.12.08"]
[Round "9.10"]
[White "Tusu, Nicolae-Dan"]
[Black "Buitron Ramil, David"]
[Result "0-1"]
[ECO "B70"]
[WhiteElo "1818"]
[BlackElo "1948"]
[Annotator "NA RC"]
[PlyCount "126"]
[EventDate "2023.12.02"]
[EventType "swiss"]
[EventCountry "ESP"]
[SourceTitle "playchess.com"]
[Source "ChessBase"]
[SourceQuality "1"]
[TimeControl "5400+30"]

1. e4 c5 2. Nf3 d6 3. d4 cxd4 4. Nxd4 Nf6 5. Nc3 g6 6. Be2 Bg7 7. O-O O-O 8. Nb3 a6 9. Be3 b5 10. a3 Bb7 11. f3 Nbd7 12. Qd2 Re8 13. Bh6 Bh8 14. Rad1 Rc8 15. Kh1 Nb6 16. Na5 Ba8 17. Be3 Qc7 18. Rc1 Red8 19. Rfd1 d5 20. e5 Nc4 21. Nxc4 dxc4 22. Bd4 Nh5 23. Qe3 Rxd4 24. Rxd4 Bxe5 25. Rh4 Bf4 26. Rxf4 Qxf4 27. Qxf4 Nxf4 28. Rd1 Nxe2 29. Nxe2 Bc6 30. Kg1 h5 31. Kf2 Kf8 32. Ke3 e5 33. g3 Ke7 34. f4 f6 35. fxe5 fxe5 36. Nc3 Rf8 37. Nd5+ Bxd5 38. Rxd5 Ke6 39. Ke4 Rf2 40. Rxe5+ Kf6 41. Rc5 Rxc2 42. Rc6+ Kg7 43. Rxa6 Rxh2 44. a4 Rxb2 45. axb5 Rxb5 46. Rc6 Rg5 47. Rc7+ Kh6 48. Kf4 Rg4+ 49. Kf3 Kg5 50. Rc6 Kf5 51. Rc5+ Ke6 52. Rc8 Kd5 53. Rd8+ Kc5 54. Rc8+ Kd4 55. Rc7 Kd3 56. Rd7+ Kc2 57. Rc7 c3 58. Kf2 Kd2 59. Rd7+ Kc1 60. Rd8 c2 61. Rb8 Kd2 62. Rd8+ Kc3 63. Rc8+ Rc4 0-1

[Event "XX Gran Hotel Bali-B 2023"]
[Site "Benidorm"]
[Date "2023.12.08"]
[Round "9.11"]
[White "Perez Garcia, Juan Angel"]
[Black "Soria Martinez, Sergio"]
[Result "1-0"]
[ECO "A53"]
[WhiteElo "1948"]
[BlackElo "1825"]
[Annotator "NA RC"]
[PlyCount "85"]
[EventDate "2023.12.02"]
[EventType "swiss"]
[EventCountry "ESP"]
[SourceTitle "playchess.com"]
[Source "ChessBase"]
[SourceQuality "1"]
[TimeControl "5400+30"]

1. d4 d6 2. Nf3 Nf6 3. Bf4 c6 4. c4 Nbd7 5. Nc3 e6 6. e4 Be7 7. Bd3 e5 8. dxe5 dxe5 9. Nxe5 Nc5 10. Bc2 Qb6 11. Rb1 Ne6 12. Bg3 O-O 13. O-O Nd4 14. Na4 Qd8 15. Bd3 g6 16. h3 Nh5 17. Bh2 Bg5 18. Nf3 Bf4 19. Nxd4 Bxh2+ 20. Kxh2 Qxd4 21. Qf3 Be6 22. b3 Qe5+ 23. Kg1 Qg5 24. Rfd1 Nf4 25. Qg3 Qe5 26. Bf1 h5 27. Qe3 b6 28. c5 h4 29. cxb6 axb6 30. Rbc1 Qg5 31. Kh1 c5 32. Nxb6 Rxa2 33. Rxc5 Qf6 34. Nd5 Nxd5 35. exd5 Rxf2 36. Bc4 Bxh3 37. Qxh3 Kg7 38. d6 Rc2 39. Qf3 Qb2 40. d7 h3 41. Qxh3 Qf6 42. Rcd5 Rc3 43. Qh2 1-0

[Event "XX Gran Hotel Bali-B 2023"]
[Site "Benidorm"]
[Date "2023.12.08"]
[Round "9.12"]
[White "Ramakrishnan M R"]
[Black "Megias Chafer, Alejandro"]
[Result "0-1"]
[ECO "B80"]
[WhiteElo "1486"]
[BlackElo "1937"]
[Annotator "RC"]
[PlyCount "118"]
[EventDate "2023.12.02"]
[EventType "swiss"]
[EventCountry "ESP"]
[SourceTitle "playchess.com"]
[Source "ChessBase"]
[SourceQuality "1"]
[TimeControl "5400+30"]

1. e4 c5 2. Nf3 d6 3. d4 cxd4 4. Nxd4 Nf6 5. Nc3 a6 6. Be3 b5 7. f3 Bb7 8. Qd2 e6 9. O-O-O Nbd7 10. Be2 Be7 11. g4 Nb6 12. g5 Nfd7 13. Bd3 Ne5 14. f4 Nec4 15. Qf2 Rc8 16. Nb3 Nxe3 17. Qxe3 Nc4 18. Bxc4 Rxc4 19. Rd4 e5 20. Rxc4 bxc4 21. Nd2 exf4 22. Qa7 Qc8 23. Qd4 O-O 24. Nxc4 Bxg5 25. Rg1 f6 26. Nxd6 Qc7 27. Nxb7 Qxb7 28. Qd5+ Qxd5 29. exd5 f3+ 30. Kd1 Bf4 31. Rf1 Bxh2 32. Rxf3 g5 33. Ne4 Kg7 34. d6 h5 35. Rh3 Be5 36. c4 Kg6 37. c5 Rd8 38. Rd3 f5 39. Rd5 Bf4 40. c6 fxe4 41. c7 Rf8 42. Rc5 Bxd6 43. c8=Q Rxc8 44. Rxc8 Kf5 45. Rc6 Be5 46. b4 g4 47. Rh6 Kg5 48. Re6 Kf4 49. Ke2 h4 50. Rxa6 g3 51. Rh6 Kg5 52. Re6 Bd4 53. Re8 h3 54. Rg8+ Kf4 55. Kf1 g2+ 56. Rxg2 hxg2+ 57. Kxg2 Ke3 58. a4 Kd2 59. a5 e3 0-1